Canucks vs Blue Jackets

Created - January 8, 2020 at 19:00

Goals
1 2 3 T
Canucks 1 1 2 4
Blue Jackets 2 0 0 2
Shots
1 2 3 T
Canucks 22 11 10 43
Blue Jackets 17 4 5 26

1st period

1. Blue Jackets , Artemi Panarin 10 (Branislav Mezei 7) at 17:11
2. Blue Jackets , Pavel Datsyuk 13 (Derek Boogaard 18) at 17:33
3. Canucks , Jamie McBain 9 (Alex Goligoski 14, Jacob Markstrom) at 18:50 (PP)

Penalties :
Cam Fowler (Clb) for High sticking (Minor) at 4:43, Pavel Datsyuk (Clb) for Slashing (Minor) at 18:16

2nd period

4. Canucks , Marc Savard 6 (Drew Fata 11, Joni Pitkanen 6) at 10:58

Penalties :
Peter Mueller (Clb) for Tripping (Minor) at 15:31

3rd period

5. Canucks , Jamie McBain 10 (Loui Eriksson 11) at 12:30 (PP)
6. Canucks , Robert Nilsson 9 (Jamie McBain 26, Nick Palmieri 12) at 12:54 (PP)

Penalties :
Pavel Datsyuk (Clb) for Holding (Minor) at 12:18, Pavel Datsyuk (Clb) for Holding (Minor) at 12:39

Goalie Stats

Jacob Markstrom (Van), 24 saves from 26 shots - (0.923), W, 12-15-2, 60:00 minutes
Rick DiPietro (Clb), 39 saves from 43 shots - (0.907), L, 12-6-8, 60:00 minutes

Players Stats for Canucks

Player Name              G  A  P  +/- PIM S  H  SB GA TA FO     MP     PP MP  PK MP  
------------------------------------------------------------------------------------
Alex Goligoski           0  1  1  -1  0   2  1  0  0  2  0/0    25:23   2:55   0:00 
Brad Boyes               0  0  0   0  0   5  2  0  1  0  1/1    18:05   2:08   0:00 
Colton Gillies           0  0  0   0  0   0  2  0  0  1  4/11   12:09   0:00   0:00 
Darren Helm              0  0  0   0  0   3  2  0  1  1  0/1    12:49   0:00   0:00 
Drew Fata                0  1  1   1  0   2  5  0  1  0  0/0    20:44   2:04   0:00 
Jamie McBain             2  1  3  -1  0   8  2  2  0  1  0/0    25:23   2:55   0:00 
Jason Zucker             0  0  0   0  0   4  1  1  0  1  1/2    18:08   2:08   0:00 
Jeremy Morin             0  0  0   0  0   2  0  1  0  0  0/1    12:48   0:00   0:00 
Jesper Fast              0  0  0   0  0   0  2  0  0  0  0/0     9:00   0:00   0:00 
Joni Pitkanen            0  1  1   1  0   1  0  0  0  1  0/0    20:44   2:04   0:00 
Jordie Benn              0  0  0  -1  0   0  1  0  0  2  0/0    13:53   0:00   0:00 
Kurtis Foster            0  0  0  -1  0   3  0  3  0  1  0/0    13:53   0:00   0:00 
Loui Eriksson            0  1  1  -1  0   2  0  1  0  0  0/1    20:32   2:51   0:00 
Marc Savard              1  0  1   0  0   4  0  0  0  0  7/8    18:05   2:08   0:00 
Nick Palmieri            0  1  1  -1  0   4  0  0  1  0  1/1    20:36   2:51   0:00 
Robert Nilsson           1  0  1  -1  0   3  0  3  1  1  17/29  20:32   2:51   0:00 
Taylor Leier             0  0  0   0  0   0  1  0  0  0  0/0     8:31   0:00   0:00 
Tyler Graovac            0  0  0   0  0   0  0  2  0  1  0/2     8:45   0:00   0:00 

Players Stats for Blue Jackets

Player Name              G  A  P  +/- PIM S  H  SB GA TA FO     MP     PP MP  PK MP  
------------------------------------------------------------------------------------
A.J Thelen               0  0  0   0  0   0  1  0  0  1  0/0    13:51   0:00   0:00 
Andreas Nodl             0  0  0  -1  0   1  2  0  0  0  1/1    12:59   0:00   0:00 
Artemi Panarin           1  0  1   1  0   2  3  0  0  0  1/1    18:29   0:00   2:55 
Branislav Mezei          0  1  1   0  0   2  0  1  0  0  0/0    19:50   0:00   1:41 
Cam Fowler               0  0  0   1  2   1  1  1  0  0  0/0    24:37   0:00   2:14 
Cody Eakin               0  0  0  -1  0   1  1  1  2  0  6/10   14:06   0:00   0:56 
Derek Boogaard           0  1  1   1  0   0  3  0  0  0  1/6    20:28   0:00   2:49 
Devin Setoguchi          0  0  0   1  0   2  2  0  1  0  1/1    16:50   0:00   1:17 
Eric Wellwood            0  0  0   0  0   2  0  0  0  0  0/0    10:20   0:00   0:44 
Kevin Porter             0  0  0   0  0   2  0  0  0  0  2/3     8:59   0:00   0:00 
Martin Havlat            0  0  0   1  0   2  1  1  1  0  1/2    18:58   0:00   1:17 
Max Pacioretty           0  0  0  -1  0   2  1  1  1  0  0/0    12:59   0:00   0:00 
Mike Lundin              0  0  0   1  0   3  4  1  1  1  0/0    25:57   0:00   3:37 
Pavel Datsyuk            1  0  1   1  6   2  4  0  0  1  9/23   17:38   0:00   0:00 
Peter Mueller            0  0  0   1  2   2  0  0  3  0  4/10   15:14   0:00   0:00 
Rob Scuderi              0  0  0   0  0   0  0  0  1  0  0/0    19:35   0:00   1:22 
Ryan Wilson              0  0  0   0  0   1  1  2  1  1  0/0    14:59   0:00   1:04 
Tyler Kennedy            0  0  0   0  0   1  0  0  1  1  0/0     9:07   0:00   0:00 

3 Stars

1 - Jamie McBain (Van)
2 - Drew Fata (Van)
3 - Artemi Panarin (Clb)

Power Play

Canucks - 3 on 5 Attempt(s) - 60.00%
Blue Jackets - 0 on 0 Attempt(s) - 0.00%

Penalty Kill

Canucks - 0 on 0 Attempt(s) - 0.00% - Score 0 goal in Penalty Kill
Blue Jackets - 2 on 5 Attempt(s) - 40.00% - Score 0 goal in Penalty Kill

Team Stat

Canucks - Hits : 19 - Faceoff Wins : 31 - Blocked Shots : 13 - Penalty Minutes : 0
Blue Jackets - Hits : 24 - Faceoff Wins : 26 - Blocked Shots : 8 - Penalty Minutes : 10

Official

Referees : Unknown
Linesman : Unknown

Game Notes

No Game Note

Finance

Level 1 -- Attendance: 4499 (74.98%) -- Ticket Income $517,385
Level 2 -- Attendance: 3543 (70.86%) -- Ticket Income $265,725
Level 3 -- Attendance: 1518 (75.90%) -- Ticket Income $68,310
Level 4 -- Attendance: 4000 (100.00%) -- Ticket Income $120,000
Luxury Box -- Attendance: 684 (68.40%) -- Ticket Income $147,060
Game was played at the Ohio State Arena.
Total Attendance: 14244 (79.13%)
Total Ticket Income: $1,118,480
Other Income: $167,772
Total Income: $1,286,252

Canucks

5 vs 5 Forward 
   Center                   Left Wing                Right Wing               Time % Phy DF OF 
 1 Robert Nilsson           Loui Eriksson            Nick Palmieri            40     1   2  2  
 2 Marc Savard              Jason Zucker             Brad Boyes               30     1   2  2  
 3 Colton Gillies           Darren Helm              Jeremy Morin             20     1   2  2  
 4 Tyler Graovac            Taylor Leier             Jesper Fast              10     1   2  2  

5 vs 5 Defense 
   Defense                  Defense                                           Time % Phy DF OF 
 1 Jamie McBain             Alex Goligoski                                    40     1   2  2  
 2 Drew Fata                Joni Pitkanen                                     30     1   2  2  
 3 Kurtis Foster            Jordie Benn                                       20     1   2  2  
 4 Jamie McBain             Alex Goligoski                                    10     1   2  2  

PowerPlay Forward 
   Center                   Left Wing                Right Wing               Time % Phy DF OF 
 1 Robert Nilsson           Loui Eriksson            Nick Palmieri            60     1   2  2  
 2 Marc Savard              Jason Zucker             Brad Boyes               40     1   2  2  

PowerPlay Defense
   Defense                  Defense                                           Time % Phy DF OF 
 1 Jamie McBain             Alex Goligoski                                    60     1   2  2  
 2 Drew Fata                Joni Pitkanen                                     40     1   2  2  

Penalty Kill 4 Players Forward 
   Center                   Wing                     Time % Phy DF OF 
 1 Robert Nilsson           Marc Savard              60     1   2  2  
 2 Loui Eriksson            Nick Palmieri            40     1   2  2  

Penalty Kill 4 Players Defense
   Defense                  Defense                  Time % Phy DF OF 
 1 Jamie McBain             Alex Goligoski           60     1   2  2  
 2 Drew Fata                Joni Pitkanen            40     1   2  2  

Penalty Kill - 3 Players Forward 
   Forward                                           Time % Phy DF OF 
 1 Robert Nilsson                                    60     1   2  2  
 2 Marc Savard                                       40     1   2  2  

Penalty Kill - 3 Players Defense
   Defense                  Defense                  Time % Phy DF OF 
 1 Jamie McBain             Alex Goligoski           60     1   2  2  
 2 Drew Fata                Joni Pitkanen            40     1   2  2  

4 vs 4 Forward 
   Center                   Wing                     Time % Phy DF OF 
 1 Robert Nilsson           Marc Savard              60     1   2  2  
 2 Loui Eriksson            Nick Palmieri            40     1   2  2  

4 vs 4 Defense
   Defense                  Defense                  Time % Phy DF OF 
 1 Jamie McBain             Alex Goligoski           60     1   2  2  
 2 Drew Fata                Joni Pitkanen            40     1   2  2  

Last Minutes Offensive
   Center                   Left Wing                Right Wing               Defense                  Defense                  
   Robert Nilsson           Loui Eriksson            Nick Palmieri            Jamie McBain             Alex Goligoski           

Last Minutes Defensive
   Center                   Left Wing                Right Wing               Defense                  Defense                  
   Robert Nilsson           Loui Eriksson            Nick Palmieri            Jamie McBain             Alex Goligoski           

Goaltenders
Starting : Jacob Markstrom          
Backup : Martin Jones             

Extra Forwards
Normal : Jeremy Morin, Darren Helm, Jesper Fast - PP : Jeremy Morin, Darren Helm - PK : Jesper Fast
Extra Defensemen
Normal : Kurtis Foster, Jordie Benn, Drew Fata - PP : Kurtis Foster - PK : Jordie Benn, Drew Fata
Penalty Shots
Robert Nilsson, Marc Savard, Loui Eriksson, Nick Palmieri, Brad Boyes

Scratches
Brandon Sutter (Strained Back Injury), Scottie Upshall (Healthy)

Blue Jackets

5 vs 5 Forward 
   Center                   Left Wing                Right Wing               Time % Phy DF OF 
 1 Pavel Datsyuk            Derek Boogaard           Martin Havlat            40     1   2  2  
 2 Peter Mueller            Artemi Panarin           Devin Setoguchi          30     1   2  2  
 3 Cody Eakin               Max Pacioretty           Andreas Nodl             20     1   2  2  
 4 Kevin Porter             Eric Wellwood            Tyler Kennedy            10     1   2  2  

5 vs 5 Defense 
   Defense                  Defense                                           Time % Phy DF OF 
 1 Mike Lundin              Cam Fowler                                        40     1   2  2  
 2 Branislav Mezei          Rob Scuderi                                       30     1   2  2  
 3 A.J Thelen               Ryan Wilson                                       20     1   2  2  
 4 Mike Lundin              Cam Fowler                                        10     1   2  2  

PowerPlay Forward 
   Center                   Left Wing                Right Wing               Time % Phy DF OF 
 1 Pavel Datsyuk            Derek Boogaard           Martin Havlat            60     1   2  2  
 2 Peter Mueller            Artemi Panarin           Devin Setoguchi          40     1   2  2  

PowerPlay Defense
   Defense                  Defense                                           Time % Phy DF OF 
 1 Mike Lundin              Cam Fowler                                        60     1   2  2  
 2 Branislav Mezei          Rob Scuderi                                       40     1   2  2  

Penalty Kill 4 Players Forward 
   Center                   Wing                     Time % Phy DF OF 
 1 Derek Boogaard           Artemi Panarin           60     1   2  2  
 2 Martin Havlat            Devin Setoguchi          40     1   2  2  

Penalty Kill 4 Players Defense
   Defense                  Defense                  Time % Phy DF OF 
 1 Mike Lundin              Cam Fowler               60     1   2  2  
 2 Branislav Mezei          Rob Scuderi              40     1   2  2  

Penalty Kill - 3 Players Forward 
   Forward                                           Time % Phy DF OF 
 1 Derek Boogaard                                    60     1   2  2  
 2 Artemi Panarin                                    40     1   2  2  

Penalty Kill - 3 Players Defense
   Defense                  Defense                  Time % Phy DF OF 
 1 Mike Lundin              Cam Fowler               60     1   2  2  
 2 Branislav Mezei          Rob Scuderi              40     1   2  2  

4 vs 4 Forward 
   Center                   Wing                     Time % Phy DF OF 
 1 Derek Boogaard           Artemi Panarin           60     1   2  2  
 2 Martin Havlat            Devin Setoguchi          40     1   2  2  

4 vs 4 Defense
   Defense                  Defense                  Time % Phy DF OF 
 1 Mike Lundin              Cam Fowler               60     1   2  2  
 2 Branislav Mezei          Rob Scuderi              40     1   2  2  

Last Minutes Offensive
   Center                   Left Wing                Right Wing               Defense                  Defense                  
   Pavel Datsyuk            Derek Boogaard           Martin Havlat            Mike Lundin              Cam Fowler               

Last Minutes Defensive
   Center                   Left Wing                Right Wing               Defense                  Defense                  
   Pavel Datsyuk            Derek Boogaard           Martin Havlat            Mike Lundin              Cam Fowler               

Goaltenders
Starting : Rick DiPietro            
Backup : Andrei Vasilevskiy       

Extra Forwards
Normal : Max Pacioretty, Andreas Nodl, Cody Eakin - PP : Max Pacioretty, Andreas Nodl - PK : Cody Eakin
Extra Defensemen
Normal : A.J Thelen, Ryan Wilson, Branislav Mezei - PP : A.J Thelen - PK : Ryan Wilson, Branislav Mezei
Penalty Shots
Derek Boogaard, Artemi Panarin, Martin Havlat, Devin Setoguchi, Max Pacioretty

Scratches
Mike Comrie (Healthy)

% Time on Ice - Canucks

Lines # - Real PCT - Wanted PCT - Time Play
Normal Forward
1 - 32% - 40% - 17:41
2 - 30% - 30% - 16:40
3 - 22% - 20% - 12:09
4 - 15% - 10% - 8:31
Normal Defense
1 - 36% - 40% - 20:03
2 - 34% - 30% - 18:40
3 - 25% - 20% - 13:53
4 - 4% - 10% - 2:25
PP Forward
1 - 57% - 60% - 2:51
2 - 43% - 40% - 2:08
PP Defense
1 - 59% - 60% - 2:55
2 - 41% - 40% - 2:04
PK Forward
1 - 0% - 60%
2 - 0% - 40%
PK Defense
1 - 0% - 60%
2 - 0% - 40%
PK3 Forward
1 - 0% - 60%
2 - 0% - 40%
PK3 Defense
1 - 0% - 60%
2 - 0% - 40%
44 Forward
1 - 0% - 60%
2 - 0% - 40%
44 Defense
1 - 0% - 60%
2 - 0% - 40%
Last Minute Offensive  - 0:00
Last Minute Defensive  - 0:00
Total
Forward - 60:00
Defense - 60:00

% Time on Ice - Blue Jackets

Lines # - Real PCT - Wanted PCT - Time Play
Normal Forward
1 - 33% - 40% - 18:17
2 - 28% - 30% - 15:15
3 - 23% - 20% - 12:30
4 - 16% - 10% - 8:59
Normal Defense
1 - 37% - 40% - 20:29
2 - 34% - 30% - 18:50
3 - 25% - 20% - 13:51
4 - 3% - 10% - 1:51
PP Forward
1 - 0% - 60%
2 - 0% - 40%
PP Defense
1 - 0% - 60%
2 - 0% - 40%
PK Forward
1 - 74% - 60% - 3:42
2 - 26% - 40% - 1:17
PK Defense
1 - 73% - 60% - 3:37
2 - 27% - 40% - 1:22
PK3 Forward
1 - 0% - 60%
2 - 0% - 40%
PK3 Defense
1 - 0% - 60%
2 - 0% - 40%
44 Forward
1 - 0% - 60%
2 - 0% - 40%
44 Defense
1 - 0% - 60%
2 - 0% - 40%
Last Minute Offensive  - 0:00
Last Minute Defensive  - 0:00
Total
Forward - 60:00
Defense - 60:00

Play-by-Play

1st period


0:01 of 1st period - Robert Nilsson wins face-off versus Pavel Datsyuk in neutral zone.
0:30 of 1st period - Snap shot by Peter Mueller.
0:30 of 1st period - Stopped by Jacob Markstrom with a rebound.
0:35 of 1st period - Off-side.
0:36 of 1st period - Cody Eakin wins face-off versus Colton Gillies in neutral zone.
0:54 of 1st period - Off-side.
0:55 of 1st period - Kevin Porter wins face-off versus Tyler Graovac in neutral zone.
1:08 of 1st period - Kurtis Foster is hit by Ryan Wilson and loses puck.
1:21 of 1st period - Kurtis Foster is hit by Artemi Panarin and loses puck.
1:26 of 1st period - Snap shot by Artemi Panarin.
1:26 of 1st period - Shot Blocked by Robert Nilsson.
1:28 of 1st period - Slapshot by Mike Lundin.
1:28 of 1st period - Stopped by Jacob Markstrom with a rebound.
1:30 of 1st period - Slapshot by Peter Mueller.
1:30 of 1st period - Shot Blocked by Robert Nilsson.
1:44 of 1st period - Slapshot by Marc Savard.
1:44 of 1st period - Stopped by Rick DiPietro with a rebound.
1:46 of 1st period - Snap shot by Brad Boyes.
1:46 of 1st period - Stopped by Rick DiPietro with a rebound.
1:48 of 1st period - Slapshot by Kurtis Foster.
1:48 of 1st period - Stopped by Rick DiPietro without a rebound.
1:49 of 1st period - Colton Gillies wins face-off versus Pavel Datsyuk in Blue Jackets zone.
1:52 of 1st period - Slapshot by Jeremy Morin.
1:52 of 1st period - Shot Misses the Net.
1:54 of 1st period - Slapshot by Joni Pitkanen.
1:54 of 1st period - Stopped by Rick DiPietro without a rebound.
1:55 of 1st period - Colton Gillies wins face-off versus Pavel Datsyuk in Blue Jackets zone.
2:26 of 1st period - Snap shot by Marc Savard.
2:26 of 1st period - Stopped by Rick DiPietro without a rebound.
2:27 of 1st period - Marc Savard wins face-off versus Cody Eakin in Blue Jackets zone.
2:28 of 1st period - Slapshot by Jason Zucker.
2:28 of 1st period - Deflect By Brad Boyes.
2:28 of 1st period - Shot Hit the Post.
2:28 of 1st period - Puck is out of play.
2:29 of 1st period - Cody Eakin wins face-off versus Robert Nilsson in Blue Jackets zone.
2:34 of 1st period - Snap shot by Cody Eakin.
2:34 of 1st period - Shot Misses the Net.
3:19 of 1st period - Wrist shot by Alex Goligoski.
3:19 of 1st period - Stopped by Rick DiPietro with a rebound.
3:21 of 1st period - Snap shot by Darren Helm.
3:21 of 1st period - Stopped by Rick DiPietro with a rebound.
3:23 of 1st period - Slapshot by Jamie McBain.
3:23 of 1st period - Deflect By Jeremy Morin.
3:23 of 1st period - Stopped by Rick DiPietro with a rebound.
3:25 of 1st period - Slapshot by Colton Gillies.
3:25 of 1st period - Shot Misses the Net.
3:52 of 1st period - A.J Thelen is hit by Taylor Leier and loses puck.
4:16 of 1st period - Wrist shot by Eric Wellwood.
4:16 of 1st period - Shot Misses the Net.
4:18 of 1st period - Snap shot by Branislav Mezei.
4:18 of 1st period - Stopped by Jacob Markstrom with a rebound.
4:20 of 1st period - Slapshot by Kevin Porter.
4:20 of 1st period - Deflect By Nick Palmieri.
4:20 of 1st period - Stopped by Jacob Markstrom without a rebound.
4:21 of 1st period - Brad Boyes wins face-off versus Peter Mueller in Canucks zone.
4:21 of 1st period - Brad Boyes is hit by Devin Setoguchi.
4:29 of 1st period - Slapshot by Marc Savard.
4:29 of 1st period - Deflect By Jason Zucker.
4:29 of 1st period - Stopped by Rick DiPietro with a rebound.
4:31 of 1st period - Snap shot by Marc Savard.
4:31 of 1st period - Shot Blocked by Mike Lundin.
4:35 of 1st period - Snap shot by Brad Boyes.
4:35 of 1st period - Stopped by Rick DiPietro with a rebound.
4:37 of 1st period - Slapshot by Drew Fata.
4:37 of 1st period - Shot Misses the Net.
4:43 of 1st period - Minor Penalty to Cam Fowler for High sticking.
4:44 of 1st period - Robert Nilsson wins face-off versus Derek Boogaard in Blue Jackets zone.
4:49 of 1st period - Snap shot by Nick Palmieri.
4:49 of 1st period - Stopped by Rick DiPietro with a rebound.
5:19 of 1st period - Snap shot by Jason Zucker.
5:19 of 1st period - Shot Misses the Net.
6:35 of 1st period - Ryan Wilson is hit by Drew Fata and loses puck.
6:43 of 1st period - Penalty to Cam Fowler is over, Cam Fowler is back on ice.
6:46 of 1st period - Snap shot by Cam Fowler.
6:46 of 1st period - Stopped by Jacob Markstrom without a rebound.
6:47 of 1st period - Cody Eakin wins face-off versus Jeremy Morin in Canucks zone.
8:16 of 1st period - Joni Pitkanen is hit by Cam Fowler and loses puck.
9:07 of 1st period - Jesper Fast is hit by Derek Boogaard.
9:19 of 1st period - Snap shot by Jason Zucker.
9:19 of 1st period - Stopped by Rick DiPietro with a rebound.
9:21 of 1st period - Snap shot by Jason Zucker.
9:21 of 1st period - Deflect By Brad Boyes.
9:21 of 1st period - Shot Misses the Net.
9:21 of 1st period - Puck is out of play.
9:22 of 1st period - Peter Mueller wins face-off versus Robert Nilsson in Blue Jackets zone.
9:22 of 1st period - Peter Mueller is hit by Drew Fata.
9:46 of 1st period - Snap shot by Artemi Panarin.
9:46 of 1st period - Stopped by Jacob Markstrom without a rebound.
9:47 of 1st period - Marc Savard wins face-off versus Pavel Datsyuk in Canucks zone.
10:22 of 1st period - Slapshot by Jamie McBain.
10:22 of 1st period - Stopped by Rick DiPietro without a rebound.
10:23 of 1st period - Pavel Datsyuk wins face-off versus Loui Eriksson in Blue Jackets zone.
10:28 of 1st period - Wrist shot by Martin Havlat.
10:28 of 1st period - Stopped by Jacob Markstrom with a rebound.
11:13 of 1st period - Cody Eakin is hit by Jesper Fast and loses puck.
11:24 of 1st period - Snap shot by Cody Eakin.
11:24 of 1st period - Shot Misses the Net.
11:40 of 1st period - Snap shot by Max Pacioretty.
11:40 of 1st period - Shot Blocked by Kurtis Foster.
11:42 of 1st period - Slapshot by Branislav Mezei.
11:42 of 1st period - Shot Blocked by Jason Zucker.
11:44 of 1st period - Slapshot by Tyler Kennedy.
11:44 of 1st period - Stopped by Jacob Markstrom without a rebound.
11:45 of 1st period - Robert Nilsson wins face-off versus Kevin Porter in Canucks zone.
11:50 of 1st period - Snap shot by Jamie McBain.
11:50 of 1st period - Deflect By Nick Palmieri.
11:50 of 1st period - Stopped by Rick DiPietro with a rebound.
12:02 of 1st period - Wrist shot by Kevin Porter.
12:02 of 1st period - Stopped by Jacob Markstrom with a rebound.
12:16 of 1st period - Wrist shot by Eric Wellwood.
12:16 of 1st period - Stopped by Jacob Markstrom with a rebound.
12:18 of 1st period - Slapshot by Ryan Wilson.
12:18 of 1st period - Stopped by Jacob Markstrom without a rebound.
12:19 of 1st period - Pavel Datsyuk wins face-off versus Jason Zucker in Canucks zone.
12:50 of 1st period - Joni Pitkanen is hit by Devin Setoguchi.
14:14 of 1st period - Snap shot by Devin Setoguchi.
14:14 of 1st period - Stopped by Jacob Markstrom with a rebound.
14:16 of 1st period - Wrist shot by Devin Setoguchi.
14:16 of 1st period - Shot Blocked by Jamie McBain.
14:51 of 1st period - Wrist shot by Darren Helm.
14:51 of 1st period - Stopped by Rick DiPietro with a rebound.
14:53 of 1st period - Slapshot by Jordie Benn.
14:53 of 1st period - Shot Blocked by Ryan Wilson.
14:55 of 1st period - Snap shot by Darren Helm.
14:55 of 1st period - Deflect By Colton Gillies.
14:55 of 1st period - Shot Blocked by Cody Eakin.
14:55 of 1st period - Puck is out of play.
14:56 of 1st period - Martin Havlat wins face-off versus Robert Nilsson in Blue Jackets zone.
15:01 of 1st period - Snap shot by Cam Fowler.
15:01 of 1st period - Shot Blocked by Kurtis Foster.
15:05 of 1st period - Snap shot by Martin Havlat.
15:05 of 1st period - Stopped by Jacob Markstrom with a rebound.
16:03 of 1st period - Slapshot by Mike Lundin.
16:03 of 1st period - Stopped by Jacob Markstrom with a rebound.
16:05 of 1st period - Snap shot by Eric Wellwood.
16:05 of 1st period - Stopped by Jacob Markstrom with a rebound.
16:40 of 1st period - Icing by Jordie Benn.
16:41 of 1st period - Peter Mueller wins face-off versus Marc Savard in Canucks zone.
16:48 of 1st period - Marc Savard is hit by Artemi Panarin and loses puck.
17:11 of 1st period - Slapshot by Artemi Panarin.
17:11 of 1st period - Goal by Artemi Panarin - Canucks : 0 - Blue Jackets : 1.
17:12 of 1st period - Pavel Datsyuk wins face-off versus Robert Nilsson in neutral zone.
17:14 of 1st period - Off-side.
17:15 of 1st period - Robert Nilsson wins face-off versus Pavel Datsyuk in neutral zone.
17:17 of 1st period - Off-side.
17:18 of 1st period - Pavel Datsyuk wins face-off versus Robert Nilsson in neutral zone.
17:27 of 1st period - Wrist shot by Pavel Datsyuk.
17:27 of 1st period - Shot Misses the Net.
17:29 of 1st period - Snap shot by Derek Boogaard.
17:29 of 1st period - Deflect By Alex Goligoski.
17:29 of 1st period - Shot Misses the Net.
17:29 of 1st period - Puck is out of play.
17:30 of 1st period - Pavel Datsyuk wins face-off versus Robert Nilsson in Canucks zone.
17:31 of 1st period - Wrist shot by Derek Boogaard.
17:31 of 1st period - Shot Misses the Net.
17:33 of 1st period - Snap shot by Pavel Datsyuk.
17:33 of 1st period - Goal by Pavel Datsyuk - Canucks : 0 - Blue Jackets : 2.
17:34 of 1st period - Robert Nilsson wins face-off versus Martin Havlat in neutral zone.
17:51 of 1st period - Wrist shot by Robert Nilsson.
17:51 of 1st period - Stopped by Rick DiPietro without a rebound.
17:52 of 1st period - Jason Zucker wins face-off versus Peter Mueller in Blue Jackets zone.
17:53 of 1st period - Slapshot by Jamie McBain.
17:53 of 1st period - Deflect By Mike Lundin.
17:53 of 1st period - Stopped by Rick DiPietro without a rebound.
17:54 of 1st period - Marc Savard wins face-off versus Peter Mueller in Blue Jackets zone.
17:57 of 1st period - Wrist shot by Brad Boyes.
17:57 of 1st period - Stopped by Rick DiPietro with a rebound.
17:59 of 1st period - Wrist shot by Brad Boyes.
17:59 of 1st period - Stopped by Rick DiPietro with a rebound.
18:05 of 1st period - Wrist shot by Brad Boyes.
18:05 of 1st period - Shot Blocked by Cam Fowler.
18:07 of 1st period - Snap shot by Brad Boyes.
18:07 of 1st period - Stopped by Rick DiPietro with a rebound.
18:09 of 1st period - Wrist shot by Jason Zucker.
18:09 of 1st period - Stopped by Rick DiPietro with a rebound.
18:11 of 1st period - Wrist shot by Jason Zucker.
18:11 of 1st period - Shot Misses the Net.
18:16 of 1st period - Minor Penalty to Pavel Datsyuk for Slashing.
18:17 of 1st period - Artemi Panarin wins face-off versus Robert Nilsson in Blue Jackets zone.
18:50 of 1st period - Snap shot by Jamie McBain.
18:50 of 1st period - Goal by Jamie McBain - Canucks : 1 - Blue Jackets : 2.
18:51 of 1st period - Robert Nilsson wins face-off versus Pavel Datsyuk in neutral zone.
19:44 of 1st period - Snap shot by Colton Gillies.
19:44 of 1st period - Shot Misses the Net.
19:46 of 1st period - Wrist shot by Jeremy Morin.
19:46 of 1st period - Shot Blocked by Max Pacioretty.
Goals for this period are 1 for Canucks vs 2 for Blue Jackets.
Shots for this period are 22 for Canucks vs 17 for Blue Jackets.

2nd period


0:01 of 2nd period - Robert Nilsson wins face-off versus Pavel Datsyuk in neutral zone.
1:08 of 2nd period - Icing by Eric Wellwood.
1:09 of 2nd period - Kevin Porter wins face-off versus Tyler Graovac in Blue Jackets zone.
1:57 of 2nd period - Snap shot by Devin Setoguchi.
1:57 of 2nd period - Stopped by Jacob Markstrom without a rebound.
1:58 of 2nd period - Marc Savard wins face-off versus Cody Eakin in Canucks zone.
1:58 of 2nd period - Marc Savard is hit by Mike Lundin.
2:46 of 2nd period - Backhand shot by Jeremy Morin.
2:46 of 2nd period - Shot Misses the Net.
2:48 of 2nd period - Slapshot by Kurtis Foster.
2:48 of 2nd period - Stopped by Rick DiPietro with a rebound.
2:50 of 2nd period - Slapshot by Kurtis Foster.
2:50 of 2nd period - Stopped by Rick DiPietro without a rebound.
2:51 of 2nd period - Pavel Datsyuk wins face-off versus Colton Gillies in Blue Jackets zone.
2:51 of 2nd period - Pavel Datsyuk is hit by Jamie McBain.
3:17 of 2nd period - Slapshot by Darren Helm.
3:17 of 2nd period - Stopped by Rick DiPietro without a rebound.
3:18 of 2nd period - Peter Mueller wins face-off versus Robert Nilsson in Blue Jackets zone.
3:49 of 2nd period - Wrist shot by Brad Boyes.
3:49 of 2nd period - Deflect By Martin Havlat.
3:49 of 2nd period - Shot Blocked by Martin Havlat.
3:49 of 2nd period - Puck is out of play.
3:50 of 2nd period - Marc Savard wins face-off versus Pavel Datsyuk in Blue Jackets zone.
3:53 of 2nd period - Snap shot by Jason Zucker.
3:53 of 2nd period - Shot Misses the Net.
4:15 of 2nd period - Nick Palmieri is hit by Pavel Datsyuk and loses puck.
4:48 of 2nd period - Snap shot by Derek Boogaard.
4:48 of 2nd period - Shot Misses the Net.
4:54 of 2nd period - Snap shot by Derek Boogaard.
4:54 of 2nd period - Shot Blocked by Jamie McBain.
4:56 of 2nd period - Wrist shot by Derek Boogaard.
4:56 of 2nd period - Shot Misses the Net.
5:00 of 2nd period - Slapshot by Pavel Datsyuk.
5:00 of 2nd period - Stopped by Jacob Markstrom with a rebound.
5:06 of 2nd period - Slapshot by Jamie McBain.
5:06 of 2nd period - Stopped by Rick DiPietro with a rebound.
5:24 of 2nd period - Snap shot by Loui Eriksson.
5:24 of 2nd period - Stopped by Rick DiPietro without a rebound.
5:25 of 2nd period - Marc Savard wins face-off versus Peter Mueller in Blue Jackets zone.
6:17 of 2nd period - Eric Wellwood is hit by Jesper Fast and loses puck.
7:07 of 2nd period - Kevin Porter is hit by Drew Fata and loses puck.
7:36 of 2nd period - Devin Setoguchi is hit by Brad Boyes and loses puck.
7:43 of 2nd period - Slapshot by Jamie McBain.
7:43 of 2nd period - Stopped by Rick DiPietro without a rebound.
7:44 of 2nd period - Robert Nilsson wins face-off versus Cody Eakin in Blue Jackets zone.
7:45 of 2nd period - Snap shot by Nick Palmieri.
7:45 of 2nd period - Deflect By Ryan Wilson.
7:45 of 2nd period - Stopped by Rick DiPietro with a rebound.
8:11 of 2nd period - Eric Wellwood is hit by Darren Helm and loses puck.
8:59 of 2nd period - Drew Fata is hit by Artemi Panarin and loses puck.
9:24 of 2nd period - Rob Scuderi is hit by Brad Boyes and loses puck.
10:05 of 2nd period - Wrist shot by Brad Boyes.
10:05 of 2nd period - Shot Misses the Net.
10:45 of 2nd period - Marc Savard is hit by Andreas Nodl and loses puck.
10:56 of 2nd period - Snap shot by Marc Savard.
10:56 of 2nd period - Stopped by Rick DiPietro with a rebound.
10:58 of 2nd period - Wrist shot by Marc Savard.
10:58 of 2nd period - Goal by Marc Savard - Canucks : 2 - Blue Jackets : 2.
10:59 of 2nd period - Robert Nilsson wins face-off versus Pavel Datsyuk in neutral zone.
11:10 of 2nd period - Slapshot by Jamie McBain.
11:10 of 2nd period - Stopped by Rick DiPietro without a rebound.
11:11 of 2nd period - Pavel Datsyuk wins face-off versus Robert Nilsson in Blue Jackets zone.
11:35 of 2nd period - Icing by Darren Helm.
11:36 of 2nd period - Colton Gillies wins face-off versus Peter Mueller in Canucks zone.
12:02 of 2nd period - Alex Goligoski is hit by Derek Boogaard and loses puck.
12:13 of 2nd period - Kurtis Foster is hit by A.J Thelen and loses puck.
13:31 of 2nd period - Wrist shot by Max Pacioretty.
13:31 of 2nd period - Shot Misses the Net.
13:48 of 2nd period - Eric Wellwood is hit by Colton Gillies and loses puck.
14:42 of 2nd period - Alex Goligoski is hit by Pavel Datsyuk.
14:51 of 2nd period - Kurtis Foster is hit by Derek Boogaard and loses puck.
15:07 of 2nd period - Slapshot by Branislav Mezei.
15:07 of 2nd period - Stopped by Jacob Markstrom without a rebound.
15:08 of 2nd period - Peter Mueller wins face-off versus Colton Gillies in Canucks zone.
15:16 of 2nd period - Off-side.
15:17 of 2nd period - Devin Setoguchi wins face-off versus Colton Gillies in neutral zone.
15:31 of 2nd period - Minor Penalty to Peter Mueller for Tripping.
15:32 of 2nd period - Robert Nilsson wins face-off versus Derek Boogaard in Blue Jackets zone.
15:35 of 2nd period - Slapshot by Nick Palmieri.
15:35 of 2nd period - Shot Misses the Net.
16:57 of 2nd period - Loui Eriksson is hit by Mike Lundin and loses puck.
17:31 of 2nd period - Penalty to Peter Mueller is over, Peter Mueller is back on ice.
17:51 of 2nd period - Slapshot by Drew Fata.
17:51 of 2nd period - Deflect By Eric Wellwood.
17:51 of 2nd period - Stopped by Rick DiPietro with a rebound.
18:11 of 2nd period - A.J Thelen is hit by Colton Gillies and loses puck.
18:30 of 2nd period - Wrist shot by Peter Mueller.
18:30 of 2nd period - Shot Blocked by Kurtis Foster.
19:09 of 2nd period - Icing by Cody Eakin.
19:10 of 2nd period - Andreas Nodl wins face-off versus Colton Gillies in Blue Jackets zone.
19:10 of 2nd period - Andreas Nodl is hit by Jamie McBain.
19:58 of 2nd period - Wrist shot by Max Pacioretty.
19:58 of 2nd period - Stopped by Jacob Markstrom with a rebound.
Goals for this period are 1 for Canucks vs 0 for Blue Jackets.
Shots for this period are 11 for Canucks vs 4 for Blue Jackets.

3rd period


0:01 of 3rd period - Robert Nilsson wins face-off versus Pavel Datsyuk in neutral zone.
0:06 of 3rd period - Snap shot by Robert Nilsson.
0:06 of 3rd period - Shot Misses the Net.
0:33 of 3rd period - Devin Setoguchi is hit by Jason Zucker and loses puck.
1:18 of 3rd period - Snap shot by Kevin Porter.
1:18 of 3rd period - Shot Blocked by Loui Eriksson.
1:30 of 3rd period - Alex Goligoski is hit by Pavel Datsyuk and loses puck.
2:03 of 3rd period - Snap shot by Artemi Panarin.
2:03 of 3rd period - Shot Misses the Net.
2:05 of 3rd period - Slapshot by Rob Scuderi.
2:05 of 3rd period - Deflect By Peter Mueller.
2:05 of 3rd period - Stopped by Jacob Markstrom without a rebound.
2:06 of 3rd period - Nick Palmieri wins face-off versus Cody Eakin in Canucks zone.
2:06 of 3rd period - Nick Palmieri is hit by Andreas Nodl.
2:32 of 3rd period - Jordie Benn is hit by Pavel Datsyuk and loses puck.
3:11 of 3rd period - Tyler Graovac is hit by Mike Lundin and loses puck.
3:36 of 3rd period - Nick Palmieri is hit by Max Pacioretty and loses puck.
5:10 of 3rd period - Wrist shot by Loui Eriksson.
5:10 of 3rd period - Shot Blocked by Ryan Wilson.
5:39 of 3rd period - Slapshot by Brad Boyes.
5:39 of 3rd period - Deflect By Marc Savard.
5:39 of 3rd period - Shot Misses the Net.
5:39 of 3rd period - Puck is out of play.
5:40 of 3rd period - Pavel Datsyuk wins face-off versus Colton Gillies in Blue Jackets zone.
5:40 of 3rd period - Pavel Datsyuk is hit by Darren Helm.
6:07 of 3rd period - Icing by Rob Scuderi.
6:08 of 3rd period - Robert Nilsson wins face-off versus Peter Mueller in Blue Jackets zone.
6:29 of 3rd period - Backhand shot by Alex Goligoski.
6:29 of 3rd period - Shot Misses the Net.
7:07 of 3rd period - Slapshot by Artemi Panarin.
7:07 of 3rd period - Shot Blocked by Robert Nilsson.
7:16 of 3rd period - Slapshot by Robert Nilsson.
7:16 of 3rd period - Stopped by Rick DiPietro without a rebound.
7:17 of 3rd period - Marc Savard wins face-off versus Pavel Datsyuk in Blue Jackets zone.
7:33 of 3rd period - Off-side.
7:34 of 3rd period - Cody Eakin wins face-off versus Colton Gillies in neutral zone.
7:36 of 3rd period - Off-side.
7:37 of 3rd period - Cody Eakin wins face-off versus Darren Helm in neutral zone.
8:35 of 3rd period - Derek Boogaard is hit by Alex Goligoski and loses puck.
10:30 of 3rd period - Slapshot by A.J Thelen.
10:30 of 3rd period - Shot Misses the Net.
10:32 of 3rd period - Slapshot by Ryan Wilson.
10:32 of 3rd period - Deflect By Andreas Nodl.
10:32 of 3rd period - Stopped by Jacob Markstrom without a rebound.
10:33 of 3rd period - Colton Gillies wins face-off versus Pavel Datsyuk in Canucks zone.
11:47 of 3rd period - Slapshot by Max Pacioretty.
11:47 of 3rd period - Stopped by Jacob Markstrom with a rebound.
11:49 of 3rd period - Slapshot by Mike Lundin.
11:49 of 3rd period - Shot Blocked by Tyler Graovac.
11:51 of 3rd period - Slapshot by Eric Wellwood.
11:51 of 3rd period - Shot Misses the Net.
11:53 of 3rd period - Slapshot by Mike Lundin.
11:53 of 3rd period - Shot Blocked by Tyler Graovac.
11:55 of 3rd period - Snap shot by Mike Lundin.
11:55 of 3rd period - Stopped by Jacob Markstrom without a rebound.
11:56 of 3rd period - Robert Nilsson wins face-off versus Pavel Datsyuk in Canucks zone.
11:56 of 3rd period - Robert Nilsson is hit by Martin Havlat.
12:08 of 3rd period - Wrist shot by Robert Nilsson.
12:08 of 3rd period - Shot Misses the Net.
12:10 of 3rd period - Backhand shot by Drew Fata.
12:10 of 3rd period - Stopped by Rick DiPietro with a rebound.
12:12 of 3rd period - Snap shot by Robert Nilsson.
12:12 of 3rd period - Shot Blocked by Branislav Mezei.
12:18 of 3rd period - Minor Penalty to Pavel Datsyuk for Holding.
12:19 of 3rd period - Robert Nilsson wins face-off versus Derek Boogaard in Blue Jackets zone.
12:20 of 3rd period - Snap shot by Nick Palmieri.
12:20 of 3rd period - Shot Misses the Net.
12:22 of 3rd period - Wrist shot by Loui Eriksson.
12:22 of 3rd period - Stopped by Rick DiPietro without a rebound.
12:23 of 3rd period - Derek Boogaard wins face-off versus Robert Nilsson in Blue Jackets zone.
12:30 of 3rd period - Snap shot by Jamie McBain.
12:30 of 3rd period - Goal by Jamie McBain - Canucks : 3 - Blue Jackets : 2.
12:31 of 3rd period - Robert Nilsson wins face-off versus Pavel Datsyuk in neutral zone.
12:39 of 3rd period - Minor Penalty to Pavel Datsyuk for Holding.
12:40 of 3rd period - Robert Nilsson wins face-off versus Derek Boogaard in Blue Jackets zone.
12:42 of 3rd period - Snap shot by Loui Eriksson.
12:42 of 3rd period - Deflect By Nick Palmieri.
12:42 of 3rd period - Shot Misses the Net.
12:42 of 3rd period - Puck is out of play.
12:43 of 3rd period - Robert Nilsson wins face-off versus Derek Boogaard in Blue Jackets zone.
12:52 of 3rd period - Snap shot by Nick Palmieri.
12:52 of 3rd period - Shot Misses the Net.
12:54 of 3rd period - Slapshot by Jamie McBain.
12:54 of 3rd period - Deflect By Robert Nilsson.
12:54 of 3rd period - Goal by Robert Nilsson - Canucks : 4 - Blue Jackets : 2.
12:55 of 3rd period - Pavel Datsyuk wins face-off versus Robert Nilsson in neutral zone.
14:01 of 3rd period - Joni Pitkanen is hit by Mike Lundin and loses puck.
14:20 of 3rd period - Wrist shot by Nick Palmieri.
14:20 of 3rd period - Stopped by Rick DiPietro with a rebound.
14:43 of 3rd period - Mike Lundin is hit by Jordie Benn and loses puck.
15:04 of 3rd period - Snap shot by Andreas Nodl.
15:04 of 3rd period - Shot Blocked by Jeremy Morin.
15:45 of 3rd period - Derek Boogaard is hit by Drew Fata and loses puck.
16:19 of 3rd period - Snap shot by Max Pacioretty.
16:19 of 3rd period - Shot Misses the Net.
16:21 of 3rd period - Wrist shot by Cody Eakin.
16:21 of 3rd period - Shot Misses the Net.
16:23 of 3rd period - Snap shot by Cody Eakin.
16:23 of 3rd period - Stopped by Jacob Markstrom without a rebound.
16:24 of 3rd period - Cody Eakin wins face-off versus Robert Nilsson in Canucks zone.
16:31 of 3rd period - Nick Palmieri is hit by Cody Eakin.
16:35 of 3rd period - Snap shot by Robert Nilsson.
16:35 of 3rd period - Shot Misses the Net.
17:11 of 3rd period - Wrist shot by Alex Goligoski.
17:11 of 3rd period - Deflect By Artemi Panarin.
17:11 of 3rd period - Stopped by Rick DiPietro with a rebound.
17:13 of 3rd period - Slapshot by Jamie McBain.
17:13 of 3rd period - Shot Misses the Net.
17:15 of 3rd period - Snap shot by Jeremy Morin.
17:15 of 3rd period - Stopped by Rick DiPietro with a rebound.
17:17 of 3rd period - Slapshot by Jamie McBain.
17:17 of 3rd period - Stopped by Rick DiPietro with a rebound.
19:00 of 3rd period - Martin Havlat is hit by Drew Fata and loses puck.
19:13 of 3rd period - Wrist shot by Jason Zucker.
19:13 of 3rd period - Stopped by Rick DiPietro with a rebound.
Goals for this period are 2 for Canucks vs 0 for Blue Jackets.
Shots for this period are 10 for Canucks vs 5 for Blue Jackets.